 Dungeon Crawl Stone Soup version 0.29-a0-355-g7276a9ff7f (webtiles) character file.

Game seed: 18248221764803023065

146603 Morbidden the Severer (level 16, 0/131 HPs)
             Began as a Demonspawn Berserker on Apr 25, 2022.
             Was a High Priest of Trog.
             Shot with a bolt by Vashnia (8 damage)
             ... on level 3 of the Snake Pit.
             The game lasted 00:46:55 (29381 turns).

Morbidden the Severer (Demonspawn Berserker)       Turns: 29381, Time: 00:46:56

Health: 0/131      AC: 25    Str: 23    XL:     16   Next: 90%
Magic:  0/16       EV: 21    Int: 12    God:    Trog [*****.]
Gold:   1549       SH:  0    Dex:  7    Spells: 15/15 levels left

rFire   . . .      SeeInvis .   a - +4 battleaxe (freeze)
rCold   . . .      Faith    .   (shield currently unavailable)
rNeg    + . .      Spirit   +   Y - +0 pearl dragon scales
rPois   +          Reflect  .   (helmet unavailable)
rElec   .          Harm     .   K - +0 cloak
rCorr   +          Rampage  .   S - +3 pair of gauntlets of War {Slay+5}
Will    ++++.                   q - +0 pair of boots {Stlth+}
Stlth   ++........              B - amulet of guardian spirit
HPRegen 3.31/turn               v - ring "Duuthrash" {rPois Will+ rCorr Dex-5 Stlth+}
MPRegen 0.15/turn               n - +4 ring of evasion

@: mighty, agile, lethally poisoned (0 -> 0), strong-willed, on berserk
cooldown, regenerating, slowed, very slow
A: horns 3, icy blue scales 2, powered by death 2, powered by pain 2
a: Renounce Religion, Berserk, Trog's Hand, Brothers in Arms


You were on level 3 of the Snake Pit.
You worshipped Trog.
Trog was extremely pleased with you.
You visited 4 branches of the dungeon, and saw 26 of its levels.
You also visited: Ossuary.

You collected 3349 gold pieces.
You spent 1800 gold pieces at shops.

Inventory:

Hand Weapons
 a - a +4 battleaxe of freezing (weapon)
 b - the +6 arbalest "Damnation" {damnation}
   (You found it on level 13 of the Dungeon)

   Any ammunition fired from it explodes in a burst of damnation on striking a
   foe, dealing damage which bypasses armour.
 u - a +1 antimagic great mace
 y - a +0 battleaxe of flaming
 O - a +2 morningstar of flaming
Missiles
 k - 4 javelins
 x - 7 boomerangs
 N - 2 curare-tipped darts
 Q - 3 throwing nets
Armour
 q - a +0 pair of boots of stealth (worn)
 K - a +0 cloak (worn)
 S - the +3 pair of gauntlets of War (worn) {Slay+5}
   (You acquired it on level 1 of the Lair of Beasts)

   Slay:      It affects your accuracy & damage with ranged weapons and melee
   (+5).
 Y - +0 pearl dragon scales (worn)
Jewellery
 j - a ring of protection from fire
 m - the ring "Hewetag" {+Blink rF- rC- Str+8 Int+6}
   (You found it on level 2 of the Dungeon)

   [ring of intelligence]

   Str:       It affects your strength (+8).
   Int:       It affects your intelligence (+6).
   rF:        It makes you vulnerable to fire.
   rC:        It makes you vulnerable to cold.
   +Blink:    It lets you blink.
 n - a +4 ring of evasion (right hand)
 s - the ring "Zotior" {rF- rC+ Will+ Str+8}
   (You found it on level 11 of the Dungeon)

   [ring of willpower]

   Str:       It affects your strength (+8).
   rF:        It makes you vulnerable to fire.
   rC:        It protects you from cold.
   Will:      It increases your willpower.
 v - the ring "Duuthrash" (left hand) {rPois Will+ rCorr Dex-5 Stlth+}
   (You found it on level 15 of the Dungeon)

   [ring of willpower]

   Dex:       It affects your dexterity (-5).
   rPois:     It protects you from poison.
   rCorr:     It protects you from acid and corrosion.
   Will:      It increases your willpower.
   Stlth:     It makes you more stealthy.
 B - an amulet of guardian spirit (around neck)
 D - a ring of see invisible
 E - the ring "Kuachat" {Contam Fly rF+ rCorr}
   (You found it on level 2 of the Lair of Beasts)

   [ring of resist corrosion]

   rF:        It protects you from fire.
   Fly:       It grants you flight.
   Contam:    It causes magical contamination when unequipped.
   rCorr:     It protects you from acid and corrosion.
 I - a ring of protection from cold
 L - the ring "Soulib" {rF+ Int+6}
   (You took it off a skeletal warrior on level 15 of the Dungeon)

   [ring of intelligence]

   Int:       It affects your intelligence (+6).
   rF:        It protects you from fire.
 V - a ring of magical power
Wands
 h - a wand of polymorph (28)
 l - a wand of flame (32) (quivered)
 J - a wand of paralysis (2)
 R - a wand of iceblast (12)
 T - a wand of acid (21)
Scrolls
 c - 3 scrolls of brand weapon
 e - 5 scrolls of enchant armour
 g - 15 scrolls of identify
 p - 4 scrolls of magic mapping
 A - 7 scrolls of teleportation
 F - 4 scrolls of fog
 G - 4 scrolls of fear
 H - 3 scrolls of enchant weapon
 M - 2 scrolls of blinking
 P - a scroll of silence
Potions
 d - 4 potions of lignification
 i - 14 potions of heal wounds
 o - 3 potions of resistance
 r - 4 potions of haste
 t - 12 potions of curing
 w - 4 potions of ambrosia
 z - 3 potions of might
 C - 4 potions of flight
 U - 2 potions of mutation
 W - 3 potions of invisibility
 Z - a potion of cancellation
Miscellaneous
 f - a condenser vane


   Skills:
 * Level 13.4 Fighting
 * Level 15.7(17.4) Axes
 * Level 12.7(16.0) Maces & Flails
 * Level 5.8 Crossbows
 + Level 1.2 Throwing
 * Level 11.8 Armour
 * Level 9.7 Dodging
 + Level 1.3 Stealth
 + Level 0.4 Unarmed Combat
 * Level 6.8 Evocations


You had 15 spell levels left.
You didn't know any spells.
Your spell library was empty.

Dungeon Overview and Level Annotations

Branches:
Dungeon (15/15)            Temple (0/1) D:5            Lair (6/6) D:11
 Shoals (0/4) Lair:3        Snake (3/4) Lair:4        Slime (0/5) Lair:6
    Orc (2/2) D:9             Elf (0/3) Orc:2        Vaults (0/5) D:13
 Depths (0/4) D:15        Ossuary (visited)

Altars:
Ashenzari
Dithmenos
Gozag
Okawaru
Xom
Lugonu

Shops:
D:12 [   Orc:2 [(*[   Snake:1 ?   Snake:2 *:==?(

Portals:
Abyss: Lair:6

Annotations:
D:8 3 runed translucent doors, flinch's ghost, novice DrTm
Lair:4 2 transporters, Zifaijuz's ghost, journeyman OpCj
Snake:1 1 runed translucent door, Roxanne; brujo666's ghost, journeyman MiGl
Snake:3 Vashnia


Innate Abilities, Weirdness & Mutations

You have a pair of large horns on your head.
You are mostly covered in icy blue scales. (AC +3)
You regenerate health from kills.
You sometimes gain power by taking damage.


Message History

The naga sharpshooter casts a spell.
The naga sharpshooter magically shoots a bolt.
The bolt hits you.
You slash Vashnia! You freeze Vashnia.
Vashnia is moderately wounded.
You feel sick.
The naga sharpshooter casts a spell.
The naga sharpshooter magically shoots a bolt.
The bolt hits you!
You focus on the pain.
You feel your power returning.
Vashnia shoots a bolt.
The bolt hits you!!
Vashnia shoots a bolt.
The bolt hits you!!
You focus on the pain.
You feel agile all of a sudden.
* * * LOW HITPOINT WARNING * * *
You barely miss Vashnia.
Vashnia is moderately wounded.
You feel sick.
The naga sharpshooter mumbles some strange words.
The naga sharpshooter magically shoots a bolt.
The bolt closely misses you.
Vashnia casts a spell.
Vashnia magically shoots a bolt.
The bolt hits you!
* * * LOW HITPOINT WARNING * * *
x2 You slice Vashnia!!
You freeze Vashnia.
Vashnia is heavily wounded.
You feel sick. Vashnia spits poison at you.
The splash of poison hits you but does no damage.
You resist.
The naga sharpshooter gestures wildly while chanting.
The naga sharpshooter magically shoots a bolt.
The bolt completely misses you.
Unknown command.
Unknown command.
Unknown command.
You slash Vashnia! You freeze Vashnia.
Vashnia is heavily wounded.
You feel sick.
Vashnia shoots a bolt.
The bolt barely misses you.
Vashnia shoots a bolt.
The bolt hits you!!
* * * LOW HITPOINT WARNING * * *
You die...

###### ## # #..@.# .#
#.####N####.# ..##.
#N#...## .....§##N.....#
.N....)).).)..## #.#
......§))###...# ###..
.......#####...## ##....
................###.....
..................##....


You could see Vashnia and 2 naga sharpshooters.

Vanquished Creatures
  Jorgrun (D:15)
  Asterion (Snake:1)
  A fire giant (D:15)
  A frost giant (D:15)
  Aizul (Snake:1)
  A stone giant (D:15)
  Azrael (D:15)
  Josephine (D:15)
  A great orb of eyes (D:15)
  6 boulder beetles
  5 vault guards
  6 anacondas
  3 ogre magi
  6 centaur warriors
  4 hydras
  A catoblepas (D:15)
  A death knight (D:15)
  12 two-headed ogres
  A deep troll shaman (D:15)
  8 naga warriors
  3 tengu warriors
  5 naga sharpshooters
  3 thrashing horrors (Lair:6)
  Urug (Lair:5)
  Nergalle (Lair:3)
  2 shock serpents (Snake:1)
  A deep elf knight (D:15)
  2 skeletal warriors (D:15)
  A salamander mystic (Snake:1)
  3 naga ritualists
  2 wizards (D:15)
  A lindwurm (shapeshifter) (D:15)
  2 lindwurms (Lair:3)
  A flayed ghost (D:15)
  4 deep trolls
  3 orc knights
  A deep elf pyromancer (D:15)
  6 ugly things
  9 mana vipers
  5 manticores
  9 cyclopes
  6 salamanders
  A guardian serpent (shapeshifter) (D:15)
  2 guardian serpents
  12 cane toads
  18 elephants
  22 black mambas
  A smoke demon (Lair:6)
  8 naga magi
  A rime drake (Lair:3)
  3 kobold demonologists (D:15)
  A hellion (D:13)
  3 freezing wraiths (D:15)
  13 komodo dragons
  2 tengu conjurers (D:15)
  2 ancient zymes (Lair:6)
  4 efreet
  An unseen horror (D:10)
  2 merfolk (Lair:3)
  8 trolls
  A meliai (D:15)
  4 polar bears
  A hornet (Lair:3)
  2 raiju (shapeshifter)
  11 slime creatures
  24 blink frogs
  A dream sheep (shapeshifter) (Lair:6)
  A ynoxinul (Lair:6)
  Sigmund (D:5)
  4 shadows
  4 wraiths
  2 spriggans
  60 yaks
  2 wyverns
  5 fire elementals (D:15)
  12 basilisks
  6 vampire mosquitoes
  3 chaos spawn (Lair:6)
  A warg (Orc:2)
  2 large abominations (Lair:6)
  24 nagas
  11 water moccasins
  13 small abominations (Lair:6)
  3 acid dragons
  2 hell hounds (D:15)
  3 floating eyes (D:15)
  18 orc warriors
  5 black bears
  3 boggarts (D:14)
  14 centaurs
  9 wolves
  22 ogres
  5 kobold brigands
  Blork the orc (D:5)
  A gnoll sergeant (D:5)
  4 necrophages
  14 bullfrogs
  A scorpion (shapeshifter) (D:15)
  3 wights (D:9)
  4 killer bees (D:9)
  An electric eel (Lair:6)
  6 howler monkeys
  6 hounds
  3 jellies
  10 orc priests
  A gnoll shaman (D:8)
  10 iguanas
  Jessica (D:2)
  Terence (D:2)
  22 orc wizards
  Natasha (thrice) (D:2)
  8 mummies (Ossuary)
  14 gnolls
  6 adders
  A shadow imp (D:5)
  A white imp (D:6)
  2 ufetubi
  69 orcs
  9 bats
  6 endoplasms
  2 giant cockroaches (D:1)
  10 goblins
  5 hobgoblins
  8 jackals
  4 quokkas
  9 ball pythons
  7 frilled lizards
  A gnoll zombie (Ossuary)
  A hobgoblin zombie (Ossuary)
  21 kobolds
  4 kobold zombies (Ossuary)
  2 orc zombies (Ossuary)
  8 rats
806 creatures vanquished.

Vanquished Creatures (collateral kills)
  Rupert (Lair:6)
  Agnes (D:15)
  The ghost of crabbyslav the Thaumaturge, a journeyman GnWr of Gozag (Lair:2)
  A boulder beetle (D:15)
  3 hydras
  A cyclops (D:15)
  A black mamba (Snake:1)
  A tengu conjurer (D:15)
  4 blink frogs (Lair:6)
  A wraith (D:15)
  A water moccasin (Lair:6)
16 creatures vanquished.

Vanquished Creatures (others)
  A slime creature (D:15)
  A floating eye (D:15)
  15 fungi
  30 plants
47 creatures vanquished.

Grand Total: 869 creatures vanquished

Notes
Turn   | Place    | Note
-------+----------+-------------------------------------------
     0 | D:1      | Morbidden the Demonspawn Berserker began the quest for the
                  | Orb.
     0 | D:1      | Reached XP level 1. HP: 18/18 MP: 1/1
   331 | D:1      | Gained mutation: You are partially covered in icy blue
                  | scales. (AC +2) [demonic ancestry]
   331 | D:1      | Reached XP level 2. HP: 24/24 MP: 2/2
   399 | D:1      | Found a faded altar of an unknown god.
   580 | D:1      | Reached ** piety under Trog
   836 | D:2      | Noticed Natasha
   843 | D:2      | Noticed Terence
   850 | D:2      | Killed Natasha
   851 | D:2      | Gained mutation: You have a pair of small horns on your
                  | head. [demonic ancestry]
   851 | D:2      | Reached XP level 3. HP: 17/29 MP: 3/3
  1011 | D:2      | Killed Terence
  1012 | D:2      | Reached XP level 4. HP: 31/35 MP: 4/4
  1069 | D:2      | Noticed Natasha
  1079 | D:2      | Killed Natasha
  1079 | D:2      | Noticed Jessica
  1088 | D:2      | Killed Jessica
  1108 | D:2      | Noticed Natasha
  1117 | D:2      | Killed Natasha
  1118 | D:2      | Gained mutation: You regenerate a little health from kills.
                  | [demonic ancestry]
  1118 | D:2      | Reached XP level 5. HP: 31/42 MP: 5/5
  1494 | D:2      | Identified the ring "Hewetag" {+Blink rF- rC- Str+8 Int+6}
  2267 | D:3      | You fall into a shaft and drop 2 floors!
  2267 | D:5      | Entered Level 5 of the Dungeon
  2306 | D:5      | Found a staircase to the Ecumenical Temple.
  2316 | D:5      | Reached skill level 1 in Axes
  2323 | D:5      | Reached XP level 6. HP: 23/48 MP: 6/6
  2360 | D:5      | Reached *** piety under Trog
  2387 | D:5      | Found a sand-covered staircase.
  2392 | Ossuary  | Entered an ossuary
  2971 | D:5      | Reached XP level 7. HP: 54/54 MP: 7/7
  3045 | D:5      | Reached skill level 5 in Maces & Flails
  3310 | D:5      | Noticed Blork the orc
  3316 | D:5      | Killed Blork the orc
  3441 | D:5      | Noticed Sigmund
  3512 | D:5      | Killed Sigmund
  3512 | D:5      | Reached **** piety under Trog
  3513 | D:5      | Reached skill level 2 in Axes
  3513 | D:5      | Gained mutation: You have a pair of horns on your head.
                  | [demonic ancestry]
  3513 | D:5      | Reached XP level 8. HP: 61/61 MP: 8/8
  5099 | D:4      | Reached skill level 5 in Fighting
  6060 | D:7      | Noticed a komodo dragon
  6065 | D:7      | Killed a komodo dragon
  6066 | D:7      | Reached skill level 5 in Armour
  6066 | D:7      | Gained mutation: You regenerate health from kills. [demonic
                  | ancestry]
  6066 | D:7      | Reached XP level 9. HP: 54/68 MP: 9/9
  6256 | D:7      | Noticed a komodo dragon
  6271 | D:7      | Reached skill level 3 in Axes
  6279 | D:7      | Killed a komodo dragon
  6968 | D:8      | Found a runed translucent gate.
  6968 | D:8      | Found a runed translucent gate.
  6968 | D:8      | Found a runed translucent gate.
  6973 | D:8      | Noticed flinch's ghost (novice DrTm)
  7154 | D:8      | Found an opulent altar of Gozag.
  7639 | D:9      | Gained mutation: You are mostly covered in icy blue scales.
                  | (AC +3) [demonic ancestry]
  7639 | D:9      | Reached XP level 10. HP: 77/77 MP: 10/10
  7764 | D:9      | Reached ***** piety under Trog
  7791 | D:9      | Noticed a two-headed ogre
  7799 | D:9      | Killed a two-headed ogre
  7800 | D:9      | Reached skill level 4 in Axes
  8252 | D:9      | Reached skill level 5 in Dodging
  8281 | D:9      | Received a gift from Trog
  8456 | D:9      | Found a staircase to the Orcish Mines.
  8508 | D:10     | Entered Level 10 of the Dungeon
  9042 | D:10     | Noticed a two-headed ogre
  9051 | D:10     | Killed a two-headed ogre
  9052 | D:10     | Reached skill level 5 in Axes
  9052 | D:10     | Reached XP level 11. HP: 16/84 MP: 11/11
  9789 | D:11     | Reached skill level 10 in Maces & Flails
  9923 | D:11     | Noticed a centaur warrior
  9946 | D:11     | Killed a centaur warrior
 10083 | D:11     | Noticed a boulder beetle
 10113 | D:11     | Found a staircase to the Lair.
 10147 | D:11     | Noticed a green ugly thing
 10149 | D:11     | Killed a boulder beetle
 10509 | D:11     | Killed a green ugly thing
 10510 | D:11     | Reached skill level 6 in Axes
 10687 | D:11     | Identified the ring "Zotior" {rF- rC+ Will+ Str+8}
 10897 | Lair:1   | Entered Level 1 of the Lair of Beasts
 11273 | Lair:1   | Identified a scroll of acquirement
 11273 | Lair:1   | Acquired the +3 pair of gauntlets of War {Slay+5}
 11273 | Lair:1   | Found the +3 pair of gauntlets of War {Slay+5}
 11560 | Lair:1   | Gained mutation: You have a pair of large horns on your
                  | head. [demonic ancestry]
 11560 | Lair:1   | Reached XP level 12. HP: 92/95 MP: 12/12
 11878 | Lair:2   | You fall into a shaft and drop 1 floor!
 11926 | Lair:2   | Reached skill level 7 in Axes
 12684 | Lair:2   | Identified the +1 scale mail of Ikhuab {Str+3}
 12725 | Lair:2   | Found a runed translucent gate.
 12725 | Lair:2   | Found a runed translucent gate.
 12725 | Lair:2   | Found a runed translucent gate.
 12726 | Lair:2   | Noticed a ten-headed hydra
 12727 | Lair:2   | Noticed a nine-headed hydra
 12727 | Lair:2   | Noticed crabbyslav's ghost (journeyman GnWr)
 12753 | Lair:2   | Killed a nine-headed hydra
 12754 | Lair:2   | Reached skill level 8 in Axes
 12762 | Lair:2   | Killed crabbyslav's ghost
 12765 | Lair:2   | Killed a ten-headed hydra
 12777 | Lair:2   | Identified the +3 broad axe of the Shining Light {vorpal,
                  | rF+}
 12779 | Lair:2   | Identified the ring "Kuachat" {Contam Fly rF+ rCorr}
 13428 | Lair:3   | Found a staircase to the Shoals.
 13765 | Lair:3   | Reached skill level 9 in Axes
 13769 | Lair:3   | Reached skill level 10 in Fighting
 13913 | Lair:3   | Noticed Nergalle
 13928 | Lair:3   | Killed Nergalle
 14213 | Lair:3   | Reached XP level 13. HP: 87/103 MP: 13/13
 14247 | Lair:3   | Received a gift from Trog
 14654 | Lair:4   | Found a staircase to the Snake Pit.
 14702 | Lair:4   | Found a transporter.
 14708 | Lair:4   | Noticed Zifaijuz's ghost (journeyman OpCj)
 14741 | Lair:4   | Found a transporter.
 14755 | Lair:4   | Reached skill level 10 in Axes
 16162 | Lair:5   | Noticed Urug
 16170 | Lair:5   | Killed Urug
 16171 | Lair:5   | Reached skill level 11 in Axes
 16171 | Lair:5   | Reached skill level 1 in Evocations
 16544 | Lair:6   | Entered Level 6 of the Lair of Beasts
 16721 | Lair:6   | Reached skill level 10 in Armour
 16729 | Lair:6   | Received a gift from Trog
 16807 | Lair:6   | Noticed Rupert
 16827 | Lair:6   | Killed Rupert
 17050 | Lair:6   | Identified the +3 kite shield of Tartarus {Fly}
 17078 | Lair:6   | Reached XP level 14. HP: 104/113 MP: 14/14
 17293 | Lair:6   | Reached skill level 12 in Axes
 17880 | Lair:6   | Found a corrupted altar of Lugonu.
 17880 | Lair:6   | Found a one-way gate to the infinite horrors of the Abyss.
 18206 | Lair:6   | Found a staircase to the Slime Pits.
 19363 | D:12     | Found Gyotru's Antique Armour Emporium.
 19370 | D:12     | Bought a pair of runed boots for 270 gold pieces
 19634 | D:13     | Found a gate to the Vaults.
 19837 | D:13     | Found the +6 arbalest "Damnation" {damnation}
 20031 | D:13     | Reached skill level 13 in Axes
 20259 | D:13     | Reached skill level 1 in Crossbows
 20852 | D:14     | Identified the +5 mace of Instant Death {freeze, rF+ Str+4
                  | Dex+4 Stlth-}
 20856 | D:14     | Found an iron altar of Okawaru.
 21456 | D:14     | Identified the +4 whip "Demonspawn's Curse" {vamp, rElec}
 21509 | D:15     | Entered Level 15 of the Dungeon
 21525 | D:15     | Noticed Josephine
 21528 | D:15     | Paralysed by a floating eye for 2 turns
 21528 | D:15     | Noticed Agnes
 21534 | D:15     | Killed Agnes
 21535 | D:15     | Killed Josephine
 21536 | D:15     | Gained mutation: You sometimes gain a little power by
                  | taking damage. [demonic ancestry]
 21536 | D:15     | Reached XP level 15. HP: 34/120 MP: 3/15
 21658 | D:15     | Received a gift from Trog
 21752 | D:15     | Noticed Azrael
 22099 | D:15     | Noticed Jorgrun
 22108 | D:15     | Killed Jorgrun
 22224 | D:15     | Identified the ring "Soulib" {rF+ Int+6}
 22436 | D:15     | Found a shimmering altar of Xom.
 22441 | D:15     | Found a transporter.
 22663 | D:15     | Noticed a fire giant
 22676 | D:15     | Killed a fire giant
 22677 | D:15     | Reached skill level 5 in Evocations
 22688 | D:15     | Identified the +10 fustibalus of Zeech {vorpal, Str+2
                  | Int+4}
 22762 | D:15     | Identified the ring "Duuthrash" {rPois Will+ rCorr Dex-5
                  | Stlth+}
 22795 | D:15     | Found a broken altar of Ashenzari.
 23478 | D:15     | Reached skill level 14 in Axes
 23496 | D:15     | Reached skill level 1 in Throwing
 23582 | D:15     | Killed Azrael
 23593 | D:15     | Found a shadowy altar of Dithmenos.
 23618 | D:15     | Noticed a frost giant
 23634 | D:15     | Killed a frost giant
 23639 | D:15     | Identified the ring "Gaobaewn" {Wiz Int+4}
 23671 | D:15     | Reached skill level 1 in Stealth
 23930 | D:15     | Found a staircase to the Depths.
 24207 | D:15     | Found a transporter.
 24435 | Orc:1    | Entered Level 1 of the Orcish Mines
 24440 | Orc:1    | Reached ****** piety under Trog
 24609 | Orc:2    | Entered Level 2 of the Orcish Mines
 24671 | Orc:2    | Received a gift from Trog
 24919 | Orc:2    | Reached skill level 5 in Crossbows
 24925 | Orc:2    | Paralysed by an ogre mage for 4 turns
 24965 | Orc:2    | Gained mutation: You sometimes gain power by taking damage.
                  | [demonic ancestry]
 24965 | Orc:2    | Reached XP level 16. HP: 117/129 MP: 15/16
 24967 | Orc:2    | Found Idurhic's Antique Armour Boutique.
 24987 | Orc:2    | Found Itsasuch's Weapon Shop.
 25069 | Orc:2    | Found Xaun's Armour Shoppe.
 25148 | Orc:2    | Found Vubluorgh's Assorted Antiques.
 25166 | Orc:2    | Bought a potion of heal wounds for 140 gold pieces
 25178 | Orc:2    | Bought a condenser vane for 1120 gold pieces
 25266 | Orc:2    | Found a staircase to the Elven Halls.
 25278 | Orc:2    | Received a gift from Trog
 25460 | Snake:1  | Entered Level 1 of the Snake Pit
 25460 | Snake:1  | Noticed Aizul
 25474 | Snake:1  | Killed Aizul
 26099 | Snake:1  | Noticed Asterion
 26113 | Snake:1  | Killed Asterion
 26205 | Snake:1  | Found Dolag's Magic Scroll Shoppe.
 26341 | Snake:1  | Noticed brujo666's ghost (journeyman MiGl)
 26343 | Snake:1  | Noticed Roxanne
 26347 | Snake:1  | Found a runed translucent door.
 26857 | Snake:1  | Reached skill level 15 in Axes
 28106 | Snake:2  | Found Ciac's Weapon Shop.
 28142 | Snake:2  | Received a gift from Trog
 28615 | Snake:2  | Found Myrox's Assorted Antiques.
 28626 | Snake:2  | Bought a potion of heal wounds for 135 gold pieces
 28626 | Snake:2  | Bought a potion of heal wounds for 135 gold pieces
 28826 | Snake:2  | Found Rycvot's Magic Scroll Shop.
 28859 | Snake:2  | Found Ogym's Jewellery Shoppe.
 28861 | Snake:2  | Found Iculoc's Book Boutique.
 28862 | Snake:2  | Found Hucvompo's Jewellery Shoppe.
 29347 | Snake:3  | Noticed Vashnia
 29381 | Snake:3  | Shot with a bolt by Vashnia

Illustrated notes

Levels and vault maps discovered:
D:1:      heliophobic_arrival_dark_side_of_the_moon, layout_basic,
          ebering_ecumenical_altar_mist
D:2:      layout_loops_ring, solitary_fountain, st_stairs_6, corner_web_ring,
          uniq_terence, uniq_natasha, uniq_jessica
D:3:      kennysheep_the_goblin_king, layout_rooms
D:4:      layout_loops_ring, chequers_serial_rivers_micro_b
D:5:      layout_loops_ring, minmay_temple_entry_arrows, enter_ossuary_5,
          chequers_serial_rivers_small_3, corexii_shack, corexii_shack,
          uniq_blork_the_orc, uniq_sigmund
D:6:      layout_loops_ring, nicolae_zen_rock_garden, kennysheep_generic_room_12
D:7:      layout_cave_pools, minivault_14, minmay_lizard_king
D:8:      layout_rooms, grunt_gozag_statues, ebering_ghost_rock_garden,
          serial_bayou_pond_a
D:9:      layout_roguey, david_orc_4, kennysheep_generic_room_13
D:10:     layout_roguey
D:11:     layout_big_octagon, david_lair_generic
D:12:     layout_rooms, serial_shops, shop
D:13:     layout_loops_ring, david_vaults_5, hellmonk_guarded_unrand_damnation
D:14:     layout_basic, okawaru_gym_becter
D:15:     hangedman_spin_cycle, uniq_josephine, uniq_agnes, uniq_jorgrun
Lair:1:   layout_loops_ring, grunt_forest_small_clearings
Lair:2:   layout_regular_city, gammafunk_ghost_hydra_chop, serial_bayou_shore_a
Lair:3:   cheibrodos_lair_overgrown_chateau, layout_cave_pods,
          elwin_shoals_entry_rooms, grunt_forest_large_clearing_hut,
          uniq_nergalle
Lair:4:   layout_cave_pods, dummy_snake_entry, nzn_ghost_randoct
Lair:5:   layout_long_grid, serial_rivers, chequers_serial_rivers_small_3,
          chequers_serial_rivers_room_a, chequers_serial_rivers_micro_b,
          chequers_serial_rivers_large_a, chequers_serial_rivers_micro_c,
          chequers_serial_rivers_marsh, chequers_serial_rivers_small_3,
          uniq_urug
Lair:6:   hellmonk_lair_end_abyssal_woods, layout_regular_city,
          dpeg_slime_entry_corner, infiniplex_staircase_pool, uniq_rupert
Snake:1:  layout_onion_interference, serial_shops, shop,
          hellmonk_ghost_happy_afterlife, grunt_megastairs_3, uniq_asterion,
          uniq_roxanne, uniq_aizul
Snake:2:  layout_misc_corridors, serial_shops, shop_statue, shop_fountains,
          nicolae_shop_behind_doors, nicolae_snake_coiling_death,
          minmay_shop_grove
Snake:3:  layout_chambers, ebering_ghost_disaster_area, grunt_megastairs_2,
          uniq_vashnia
Orc:1:    layout_caves, serial_shops, shop
Orc:2:    st_orc_open, layout_caves

Skill      XL: |  1  2  3  4  5  6  7  8  9 10 11 12 13 14 15 16 |
---------------+-------------------------------------------------+-----
Dodging        | 2 3 4 5 6 7 8 9 |  9.7
Maces & Flails | 3 4 6 7 9 10 11 12 | 12.7
Armour         | 2 3 4 5 6 7 8 9 10 11 | 11.8
Axes           | 1 2 3 5 6 9 11 13 14 15 | 15.7
Fighting       | 4 5 6 7 9 10 11 12 13 | 13.4
Evocations     | 2 4 5 6 |  6.8
Crossbows      | 2 5 |  5.8
Throwing       | 1 |  1.2
Stealth        | 1 |  1.3
Unarmed Combat | |  0.4

Action                   |  1- 3 |  4- 6 |  7- 9 | 10-12 | 13-15 | 16-18 || total
-------------------------+-------+-------+-------+-------+-------+-------++-------
Melee: Mace              |    57 |   183 |   378 |   300 |       |       ||   918
       Unarmed           |    14 |     1 |       |       |       |       ||    15
       Punch             |     1 |     1 |     8 |     7 |       |       ||    17
       Headbutt          |       |    21 |    79 |   108 |   166 |    63 ||   437
       War axe           |       |       |    10 |    11 |       |       ||    21
       Morningstar       |       |       |       |    39 |       |       ||    39
       Battleaxe         |       |       |       |   166 |   660 |   328 ||  1154
       Great mace        |       |       |       |       |    22 |       ||    22
 Fire: Arbalest          |       |       |       |       |    83 |    13 ||    96
Throw: Throwing net      |       |       |     1 |       |       |       ||     1
       Boomerang         |       |       |       |     6 |    14 |       ||    20
       Dart              |       |       |       |     1 |     1 |     2 ||     4
Invok: Berserk           |       |     2 |     2 |     3 |     5 |     4 ||    16
       Trog's Hand       |       |       |     1 |       |     3 |     2 ||     6
       Brothers in Arms  |       |       |       |     2 |     5 |     1 ||     8
Evoke: Wand              |       |       |       |     1 |       |     4 ||     5
  Use: Potion            |     2 |       |     2 |     5 |       |       ||     9
       Scroll            |       |     3 |    10 |     6 |     9 |     1 ||    29
 Stab: Sleeping          |     2 |       |       |       |       |     1 ||     3
Armor: Scale mail        |    20 |       |       |       |       |       ||    20
       Animal skin       |     1 |       |       |       |       |       ||     1
       Plate armour      |     9 |   111 |   251 |   292 |   366 |       ||  1029
       Skin              |     8 |       |       |       |       |       ||     8
       Pearl dragon scal |       |       |       |       |    60 |   145 ||   205
Dodge: Dodged            |    75 |   142 |   293 |   364 |   528 |   268 ||  1670

Table legend: (Time is in decaauts)
 A = Elapsed time spent in this place.
 B = Non-inter-level travel time spent in this place.
 C = Inter-level travel time spent in this place.
 D = Time resting spent in this place.
 E = Time spent auto-exploring this place.
 F = Levels seen in this place.
 G = Mean time per level.
                   A        B        C        D        E       F      G
               +--------+--------+--------+--------+--------+-----+--------+
         Total |  29644 |  28494 |   1150 |   5603 |  17979 |  27 | 1097.9 |
       Dungeon |  16619 |  15806 |    813 |   3498 |   9462 |  15 | 1107.9 |
          Lair |   8077 |   7837 |    240 |   1143 |   5587 |   6 | 1346.2 |
     Snake Pit |   3611 |   3557 |     54 |    849 |   2140 |   3 | 1203.7 |
  Orcish Mines |    877 |    836 |     41 |     29 |    529 |   2 |  438.5 |
       Ossuary |    458 |    458 |      0 |     83 |    261 |   1 |  458.0 |
               +--------+--------+--------+--------+--------+-----+--------+

Top non-repeatable levels by time:
    D:15: 2801 daAuts
 Snake:1: 2190 daAuts
  Lair:3: 2044 daAuts
  Lair:6: 1899 daAuts
    D:11: 1644 daAuts
     D:9: 1366 daAuts
  Lair:4: 1331 daAuts
    D:10: 1276 daAuts
 Snake:2: 1256 daAuts
     D:5: 1245 daAuts
    D:13: 1123 daAuts
     D:6: 1092 daAuts
     D:1: 989 daAuts
  Lair:5: 960 daAuts
    D:14: 938 daAuts
